 Dungeon Crawl Stone Soup version 0.30-a0-170-g85af917532 (webtiles) character file.

Game seed: 15416836924807425674

177154 qw the Severer (level 18, -6/116 HPs)
             Began as a Gargoyle Fighter on Sept 30, 2022.
             Was a High Priest of Okawaru.
             Mangled by a salamander
             ... wielding a +0 halberd
              (19 damage)
             ... on level 3 of the Snake Pit.
             The game lasted 00:14:01 (29724 turns).

qw the Severer (Gargoyle Fighter)                  Turns: 29724, Time: 00:14:01

Health: -6/116     AC: 47    Str: 23    XL:     18   Next: 15%
Magic:  25/25      EV: 13    Int: 12    God:    Okawaru [*****.]
Gold:   131        SH: 22    Dex:  8    Spells: 17/17 levels left

rFire   x x .      SeeInvis +    h - +9 broad axe "Unuohergh" {vorpal, rElec rC+ Will+ Int-3}
rCold   + + .      Faith    .    E - +1 tower shield {reflect}
rNeg    + . .      Spirit   .    J - +2 plate armour {Will+}
rPois   inf        Reflect  +    v - +2 helmet
rElec   +          Harm     .    I - +2 cloak
rCorr   .          Rampage  .    o - +0 pair of gloves of Duonis {rElec rF- Slay+2 SInv}
Will    +++..                    c - +2 pair of boots
Stlth   ..........               k - amulet of regeneration
HPRegen 1.09/turn                F - +4 ring of evasion
MPRegen 0.19/turn                e - ring of ice

@: about to teleport, heroic, flying
A: sickness immunity, AC +13, big wings, negative energy resistance 1,
electricity resistance, torment resistance 1, petrification resistance, hooves
1, clever 1, weak 1
a: Renounce Religion, Heroism, Finesse, Duel


You were on level 3 of the Snake Pit.
You worshipped Okawaru.
Okawaru was extremely pleased with you.
You visited 6 branches of the dungeon, and saw 29 of its levels.

You collected 3874 gold pieces.
You spent 3743 gold pieces at shops.


Innate Abilities, Weirdness & Mutations

You are immune to sickness and miasma.
Your stone body is resilient. (AC +13)
You are immune to poison.
Your large and strong wings let you fly.
You resist negative energy. (rN+)
You are resistant to electric shocks. (rElec)
You are resistant to unholy torment.
You are immune to petrification.
You have large cloven feet.
Your mind is acute. (Int +4, Str/Dex -1)
You are weak. (Str -2)


   Skills:
 - Level 14.0(19.0) Fighting
 - Level 18.0(23.0) Axes
 - Level 7.1(12.1) Throwing
 - Level 13.0(18.0) Armour
 - Level 2.0(7.0) Dodging
 + Level 17.8(22.8) Shields
 - Level 10.0 Invocations


You had 17 spell levels left.
You didn't know any spells.
Your spell library was empty.

Inventory:

Hand Weapons
 h - the +9 broad axe "Unuohergh" (weapon) {vorpal, rElec rC+ Will+ Int-3}
   (You acquired it on level 3 of the Dungeon)

   It inflicts extra damage upon your enemies.
   Int:       It affects your intelligence (-3).
   rC:        It protects you from cold.
   rElec:     It insulates you from electricity.
   Will:      It increases your willpower.
Missiles
 t - 14 boomerangs
 z - 4 silver javelins (quivered)
 H - 10 javelins
Armour
 c - a +2 pair of boots (worn)
 i - a +3 plate armour of cold resistance
 o - the +0 pair of gloves of Duonis (worn) {rElec rF- Slay+2 SInv}
   (You found it on level 3 of the Dungeon)

   Slay:      It affects your accuracy & damage with ranged weapons and melee
   (+2).
   rF:        It makes you vulnerable to fire.
   rElec:     It insulates you from electricity.
   SInv:      It lets you see invisible.
 p - a +2 pair of gloves
 v - a +2 helmet (worn)
 x - the +1 pair of gloves of the Illusory Lies {rC+ MP+9}
   (You bought it in a shop on level 2 of the Orcish Mines)

   rC:        It protects you from cold.
   MP:        It affects your magic capacity (+9).
 y - the +2 shield of Resistance {rF++ rC++ Will++}
   (You bought it in a shop on level 2 of the Orcish Mines)

   rF:        It greatly protects you from fire.
   rC:        It greatly protects you from cold.
   Will:      It greatly increases your willpower.
 B - the +5 kite shield "Iffe" {rF+ Str+4}
   (Okawaru gifted it to you on level 3 of the Lair of Beasts)

   Str:       It affects your strength (+4).
   rF:        It protects you from fire.
 E - a +1 tower shield of reflection (worn)
 I - a +2 cloak (worn)
 J - a +2 plate armour of willpower (worn)
 L - a +8 plate armour of ponderousness
 M - the +2 scale mail "Kaorod" {rF+ rCorr}
   (You found it on level 2 of the Snake Pit)

   rF:        It protects you from fire.
   rCorr:     It protects you from acid and corrosion.
Jewellery
 e - a ring of ice (right hand)
 k - an amulet of regeneration (around neck)
 l - an amulet of reflection
 n - a ring of see invisible
 C - a ring of fire
 D - a ring of fire
 F - a +4 ring of evasion (left hand)
 K - the ring of the Albatross {rC- AC+4 Int+2 SInv}
   (You found it on level 2 of the Snake Pit)

   [ring of protection]

   AC:        It affects your AC (+4).
   Int:       It affects your intelligence (+2).
   rC:        It makes you vulnerable to cold.
   SInv:      It lets you see invisible.
 Y - a ring of positive energy
Scrolls
 a - 17 scrolls of identify
 m - 2 scrolls of teleportation
 q - 4 scrolls of brand weapon
 r - 7 scrolls of enchant weapon
Potions
 b - 4 potions of attraction
 d - 4 potions of might
 f - 5 potions of mutation
 g - 3 potions of haste
 j - 14 potions of curing
 u - 2 potions of cancellation
 w - a potion of magic
 A - 4 potions of lignification

Dungeon Overview and Level Annotations

Branches:
Dungeon (15/15)            Temple (1/1) D:7            Lair (5/5) D:8
  Swamp (3/4) Lair:3        Snake (3/4) Lair:2        Slime (0/5) Lair:5
    Orc (2/2) D:10            Elf (0/3) Orc:2        Vaults (0/5) D:14
 Depths (0/4) D:15

Altars:
Ashenzari
Cheibriados
Dithmenos
Elyvilon
Fedhas
Gozag
Hepliaklqana
Kikubaaqudgha
Makhleb
Nemelex Xobeh
Okawaru
Qazlal
Ru
Sif Muna
Trog
Uskayaw
Vehumet
Wu Jian
Xom
Yredelemnul
Zin
The Shining One
Jiyva

Shops:
D:6 ?!!   D:7 **   D:11 (   Orc:2 [=[[?   Snake:1 !(=*[!   Snake:2 ::=:
Snake:3 !

Annotations:
D:5 3 runed translucent doors, qw's ghost, novice GrFi
Swamp:2 3 runed translucent doors, qw's ghost, adept GrFi
Snake:3 Kirke


Message History

You are engulfed in flames!!
The fire burns you terribly!
You slice the salamander!!
The salamander is severely wounded.
You hit the salamander mystic but do no damage.
The salamander barely misses you.
The salamander mystic hits you but does no damage.
You slice the salamander!!
You kill the salamander!
Okawaru accepts your kill.
You completely miss the salamander mystic.
You slice the hog!!
The salamander hits you from afar with a +0 halberd.
You are engulfed in flames!!
The fire burns you terribly!
The salamander mystic hits you but does no damage.
Your base Fighting skill increases to level 14!
You carve the hog like the proverbial ham!!!
You kill the hog!
Okawaru accepts your kill.
You slash the hog! You hit the salamander mystic.
The salamander hits you but does no damage.
The hog bites you.
You carve the hog like the proverbial ham!!!
You kill the hog!
Okawaru accepts your kill.
You slash the hog! You slash the salamander mystic! You block the hog's attack.
The salamander mystic gestures at you while chanting.
The bolt of magma hits you!!! The lava burns you terribly!
You block the salamander's attack.
A hog comes into view.
29724 ||| READING 3 scrolls of teleportation.
As you read the scroll of teleportation, it crumbles to dust.
You feel strangely unstable.
The hog squeals angrily.
You block the hog's attack.
The salamander mystic casts a spell at the salamander.
The salamander seems to speed up.
The salamander hits you from afar with a +0 halberd!
You are engulfed in flames!!
The fire burns you terribly!
You die...

#.#+#%#....######.#.........#.
#.#.#.#.# ### #.............
#.#.#.#.# ..## ####.......)%#
#.#\#.#.####..######.#<.......
#.#.#.........................
#.#.#..........#####.....~~~~~
###>#).........#########.~~~~.
#.#..........#....######~~~.
#.#.......%@.#.............. #
#.......hNh#....#####~~~~.
..........@N####.# .......
#########.... #.# ~~~~~~~
#..... #.# ##~~~~~~ #......#.#
##~~~~# #..h...~.# ##~~#~
#......~.~ ##~~ ~.~


You could see Kirke, a salamander mystic, a salamander (fast) and 3 hogs.

Vanquished Creatures
  Vashnia (Snake:2)
  Jorgrun (Orc:1)
  Roxanne (D:15)
  2 thorn hunters (Swamp:3)
  A fenstrider witch (Swamp:3)
  Aizul (Snake:2)
  An orc warlord (Orc:1)
  Nessos (D:12)
  2 bunyips (Swamp:3)
  An eleionoma (Swamp:1)
  3 dire elephants (Lair:5)
  Snorg (Orc:1)
  Harold (Orc:1)
  A great orb of eyes (D:14)
  An ogre mage (D:15)
  2 ghost crabs
  9 hydras
  2 death knights
  4 catoblepae
  3 boulder beetles
  7 centaur warriors
  7 anacondas
  5 naga warriors
  5 two-headed ogres
  4 alligators
  5 tengu warriors
  3 spriggan berserkers (Swamp:3)
  4 shock serpents
  6 orc high priests
  16 naga sharpshooters
  7 spriggans
  A spectral death yak (Lair:5)
  2 skeletal warriors (D:14)
  Lodul (D:10)
  3 sea snakes
  A spectral anaconda (Lair:5)
  2 salamander mystics
  2 spriggan druids
  3 goliath frogs
  A naga ritualist (Snake:2)
  A death drake (Swamp:1)
  5 bog bodies
  A phantasmal warrior (D:15)
  A deep elf archer (D:14)
  3 swamp dragons
  An obsidian statue (Lair:5)
  2 deep elf zephyrmancers (D:14)
  4 necromancers
  A mana viper (Snake:2)
  3 harpies (D:14)
  3 orc knights
  7 deep elf pyromancers
  4 cyclopes
  17 ugly things
  3 orc sorcerers
  20 elephants
  A moth of wrath (shapeshifter) (D:14)
  A manticore (D:15)
  6 salamanders
  A salamander (shapeshifter) (D:13)
  Maurice (Orc:1)
  2 guardian serpents (Snake:2)
  2 will-o-the-wisps
  25 black mambas
  8 naga magi
  A gargoyle (D:10)
  16 cane toads
  A molten gargoyle (Lair:5)
  A dire elephant skeleton (Lair:5)
  4 rime drakes
  5 yaktaurs
  12 komodo dragons
  A yaktaur (shapeshifter) (D:15)
  2 efreet (D:14)
  2 freezing wraiths (D:15)
  2 polar bears
  3 meliai (D:15)
  9 trolls
  5 tyrant leeches
  A wolf spider simulacrum (D:15)
  5 hornets
  2 spectral elephants (Lair:5)
  A meliai zombie (D:15)
  19 blink frogs
  3 slime creatures (D:13)
  24 dream sheep
  2 shadows (D:12)
  3 wraiths
  A dire elephant simulacrum (Lair:5)
  42 yaks
  2 hogs (Snake:3)
  A water elemental (D:13)
  3 wyverns
  9 basilisks
  11 vampire mosquitoes
  A fire elemental (Lair:5)
  A basilisk (shapeshifter) (D:14)
  A steam dragon (D:8)
  A redback simulacrum (D:14)
  4 wargs
  A death yak simulacrum (Lair:5)
  34 nagas
  16 swamp worms
  An acid dragon (D:9)
  20 water moccasins
  33 orc warriors
  7 swamp drakes (Swamp:1)
  An elephant zombie (Lair:5)
  2 hornet zombies (D:8)
  3 black bears
  16 ogres
  A boggart (D:14)
  14 centaurs
  21 wolves
  An elephant skeleton (Lair:5)
  6 phantoms
  2 kobold brigands
  9 bullfrogs
  2 scorpions
  A gnoll sergeant (D:10)
  A cane toad simulacrum (Lair:5)
  8 wights
  3 elephant simulacra (Lair:5)
  11 killer bees
  2 jellies
  7 howler monkeys
  7 electric eels
  3 centaur zombies
  A bullfrog skeleton (D:5)
  33 orc priests
  3 bullfrog zombies (D:5)
  4 centaur skeletons
  2 gnoll boudas (D:8)
  3 hounds
  7 hell rats (Lair:3)
  2 iguanas
  28 orc wizards
  Terence (D:2)
  A scorpion zombie (D:5)
  A boggart skeleton (D:14)
  A killer bee zombie (D:5)
  A hound zombie (D:5)
  A howler monkey zombie (D:5)
  16 gnolls
  9 adders
  2 shadow imps
  An ufetubus (D:5)
  3 worms
  2 dart slugs
  104 orcs
  5 ball pythons
  9 endoplasms
  2 giant cockroaches (D:1)
  6 hobgoblins
  11 jackals
  5 quokkas
  2 bats
  9 frilled lizards
  11 goblins
  16 kobolds
  2 rats
  A spectral hobgoblin (D:10)
  2 briar patches (Swamp:3)
  A bush (Lair:3)
989 creatures vanquished.

Vanquished Creatures (others)
  A hydra (Swamp:1)
  3 goliath frogs (Swamp:1)
  A death drake (Swamp:1)
  A bloated husk (Swamp:1)
  A bullfrog (D:8)
  A briar patch (Swamp:3)
  6 foxfires
  14 fungi
  31 plants
  33 withered plants
92 creatures vanquished.

Grand Total: 1081 creatures vanquished

Notes
Turn   | Place    | Note
-------+----------+-------------------------------------------
     0 | D:1      | qw the Gargoyle Fighter began the quest for the Orb.
     0 | D:1      | Reached XP level 1. HP: 14/14 MP: 1/1
     0 | D:1      | 0 ||| qw: Version: 0.2-a-12-gaebbb33
     0 | D:1      | 0 ||| qw: Game counter: 1529
     0 | D:1      | 0 ||| qw: Always use a shield: true
     0 | D:1      | 0 ||| qw: God list: Okawaru
     0 | D:1      | 0 ||| qw: Allow faded altars: false
     0 | D:1      | 0 ||| qw: Do Orc after D:15 true
     0 | D:1      | 0 ||| qw: Do second Lair branch before Depths: true
     0 | D:1      | 0 ||| qw: Lair rune preference: random
     0 | D:1      | 0 ||| qw: Plans: Normal, Zot:1-4, God:TSO, Crypt, Tomb,
                  | Pan, Slime:5, Hells, Abyss, Orb
     0 | D:1      | 0 ||| PLANNING D:1-11
   141 | D:1      | Reached skill level 2 in Axes
   204 | D:1      | 204 ||| Stepping ~*~*~tactically~*~*~ (stealth).
   284 | D:1      | Found a faded altar of an unknown god.
   378 | D:1      | Reached XP level 2. HP: 19/19 MP: 2/2
   427 | D:1      | 427 ||| Stepping ~*~*~tactically~*~*~ (stealth).
   773 | D:1      | 773 ||| Stepping ~*~*~tactically~*~*~ (stealth).
   774 | D:1      | 774 ||| Stepping ~*~*~tactically~*~*~ (stealth).
   790 | D:1      | Reached skill level 3 in Axes
   790 | D:1      | Reached XP level 3. HP: 13/23 MP: 3/3
  1030 | D:1      | 1030 ||| READING 2 scrolls labelled LUITAI EBASOENT.
  1031 | D:1      | 1031 ||| READING scroll labelled XECROJAAHAN.
  1034 | D:1      | 1034 ||| READING scroll labelled SABUATHR MYKER.
  1035 | D:1      | 1035 ||| READING scroll labelled IWAECV ULOEZXO.
  1136 | D:1      | 1136 ||| READING scroll labelled HEILYLUM UQOINUKA.
  1137 | D:1      | 1137 ||| DRINKING 2 viscous golden potions.
  1137 | D:1      | Gained mutation: You are weak. (Str -2) [potion of
                  | mutation]
  1137 | D:1      | Gained mutation: Your mind is acute. (Int +4, Str/Dex -1)
                  | [potion of mutation]
  1137 | D:1      | Gained mutation: You have large cloven feet. [potion of
                  | mutation]
  1170 | D:2      | 1170 ||| Stepping ~*~*~tactically~*~*~ (stealth).
  1179 | D:2      | 1179 ||| FLEEEEING.
  1181 | D:2      | 1181 ||| FLEEEEING.
  1182 | D:2      | 1182 ||| FLEEEEING.
  1183 | D:2      | 1183 ||| STAIRDANCE
  1250 | D:2      | Noticed Terence
  1251 | D:2      | 1251 ||| Stepping ~*~*~tactically~*~*~ (stealth).
  1266 | D:2      | Killed Terence
  1462 | D:2      | 1462 ||| DROPPING +0 mace.
  1500 | D:2      | Reached XP level 4. HP: 28/28 MP: 4/4
  1510 | D:2      | 1510 ||| Stepping ~*~*~tactically~*~*~ (stealth).
  1520 | D:2      | Reached skill level 4 in Axes
  1571 | D:2      | 1571 ||| Stepping ~*~*~tactically~*~*~ (stealth).
  1573 | D:2      | 1573 ||| Stepping ~*~*~tactically~*~*~ (stealth).
  1582 | D:2      | 1582 ||| Stepping ~*~*~tactically~*~*~ (stealth).
  1696 | D:2      | 1696 ||| Stepping ~*~*~tactically~*~*~ (stealth).
  1787 | D:2      | 1787 ||| Stepping ~*~*~tactically~*~*~ (stealth).
  2085 | D:2      | 2085 ||| Stepping ~*~*~tactically~*~*~ (stealth).
  2363 | D:2      | 2363 ||| UPGRADING to +2 scale mail of positive energy.
  2373 | D:2      | 2373 ||| DROPPING +0 scale mail.
  2374 | D:2      | 2374 ||| READING scroll labelled KOCLASTRUJOR.
  2375 | D:2      | 2375 ||| READING scroll labelled XIV ANIDAT.
  2376 | D:2      | 2376 ||| READING scroll labelled FIUHUD KOVEJ.
  2377 | D:2      | 2377 ||| DRINKING 2 smoky pink potions.
  2378 | D:2      | 2378 ||| READING 3 scrolls of identify.
  2378 | D:2      | 2378 ||| IDENTIFYING viscous red potion
  2379 | D:2      | 2379 ||| READING 2 scrolls of identify.
  2379 | D:2      | 2379 ||| IDENTIFYING fuming cyan potion
  2380 | D:2      | 2380 ||| DROPPING potion of degeneration.
  2421 | D:3      | 2421 ||| Stepping ~*~*~tactically~*~*~ (stealth).
  2423 | D:3      | 2423 ||| Stepping ~*~*~tactically~*~*~ (stealth).
  2458 | D:3      | Reached XP level 5. HP: 32/32 MP: 5/5
  2482 | D:3      | 2482 ||| Stepping ~*~*~tactically~*~*~ (hiding).
  2498 | D:3      | 2498 ||| Stepping ~*~*~tactically~*~*~ (hiding).
  2511 | D:3      | Reached skill level 5 in Axes
  2741 | D:3      | 2741 ||| Stepping ~*~*~tactically~*~*~ (stealth).
  3086 | D:3      | Identified the +0 pair of gloves of Duonis {rElec rF-
                  | Slay+2 SInv}
  3222 | D:3      | Found a shimmering blue altar of Sif Muna.
  3275 | D:3      | 3275 ||| Stepping ~*~*~tactically~*~*~ (stealth).
  3280 | D:3      | 3280 ||| Stepping ~*~*~tactically~*~*~ (stealth).
  3287 | D:3      | 3287 ||| Stepping ~*~*~tactically~*~*~ (stealth).
  3590 | D:3      | Found an ornate altar of the Wu Jian Council.
  3642 | D:3      | 3642 ||| UPGRADING to +0 chain mail.
  3652 | D:3      | 3652 ||| DROPPING +2 scale mail of positive energy.
  3653 | D:3      | 3653 ||| UPGRADING to +0 pair of gloves of Duonis {rElec
                  | rF- Slay+2 SInv}.
  3658 | D:3      | 3658 ||| READING scroll labelled ZUFIUB QOPIOX.
  3659 | D:3      | 3659 ||| READING scroll labelled YNNINI OHIXE.
  3659 | D:3      | Identified a scroll of acquirement
  3659 | D:3      | 3659 ||| ACQUIRING +9 broad axe "Unuohergh" {vorpal, rElec
                  | rC+ Will+ Int-3}
  3659 | D:3      | Acquired the +9 broad axe "Unuohergh" {vorpal, rElec rC+
                  | Will+ Int-3}
  3661 | D:3      | 3661 ||| SWAPPING to +9 broad axe "Unuohergh" {vorpal,
                  | rElec rC+ Will+ Int-3}.
  3662 | D:3      | 3662 ||| DROPPING +0 war axe.
  3663 | D:3      | 3663 ||| READING scroll labelled OROUPA AMAN.
  3664 | D:3      | 3664 ||| READING scroll labelled JUDI XUKYB.
  3665 | D:3      | 3665 ||| READING 2 scrolls of identify.
  3665 | D:3      | 3665 ||| IDENTIFYING golden potion
  3796 | D:4      | Reached XP level 6. HP: 38/38 MP: 6/6
  3843 | D:4      | 3843 ||| Stepping ~*~*~tactically~*~*~ (stealth).
  4086 | D:4      | Reached skill level 6 in Axes
  4196 | D:4      | Found a hide-covered altar of Uskayaw.
  4199 | D:4      | Noticed a +0 dagger
  4200 | D:4      | Noticed a +0 hand axe
  4427 | D:4      | 4427 ||| DROPPING +6 ring of intelligence.
  4428 | D:4      | 4428 ||| UPGRADING to ring of fire.
  4429 | D:4      | 4429 ||| READING scroll labelled FIYCOHU VEVVOG.
  4430 | D:4      | 4430 ||| DRINKING 2 white potions.
  4431 | D:4      | 4431 ||| READING 3 scrolls of identify.
  4431 | D:4      | 4431 ||| IDENTIFYING bubbling green potion
  4432 | D:4      | 4432 ||| DROPPING potion of brilliance.
  4458 | D:5      | Entered Level 5 of the Dungeon
  4487 | D:5      | 4487 ||| Stepping ~*~*~tactically~*~*~ (stealth).
  4492 | D:5      | 4492 ||| Stepping ~*~*~tactically~*~*~ (stealth).
  4493 | D:5      | 4493 ||| Stepping ~*~*~tactically~*~*~ (stealth).
  4494 | D:5      | 4494 ||| Stepping ~*~*~tactically~*~*~ (stealth).
  4495 | D:5      | 4495 ||| Stepping ~*~*~tactically~*~*~ (stealth).
  4502 | D:5      | Reached XP level 7. HP: 40/43 MP: 7/7
  4571 | D:5      | Found a bloodstained altar of Trog.
  4669 | D:5      | 4669 ||| Stepping ~*~*~tactically~*~*~ (hiding).
  4670 | D:5      | 4670 ||| FLEEEEING.
  4671 | D:5      | 4671 ||| Stepping ~*~*~tactically~*~*~ (hiding).
  4676 | D:5      | Reached skill level 7 in Axes
  5046 | D:5      | Found a runed translucent gate.
  5046 | D:5      | Found a runed translucent gate.
  5046 | D:5      | Found a runed translucent gate.
  5047 | D:5      | Noticed qw's ghost (novice GrFi)
  5083 | D:5      | Reached skill level 1 in Dodging
  5092 | D:5      | 5092 ||| FLEEEEING.
  5093 | D:5      | 5093 ||| FLEEEEING.
  5094 | D:5      | 5094 ||| STAIRDANCE
  5227 | D:4      | 5227 ||| READING 3 scrolls of identify.
  5227 | D:4      | 5227 ||| IDENTIFYING orange potion
  5228 | D:4      | 5228 ||| DROPPING potion of berserk rage.
  5308 | D:5      | Reached XP level 8. HP: 49/49 MP: 8/8
  5346 | D:5      | Reached skill level 8 in Axes
  5392 | D:5      | 5392 ||| Stepping ~*~*~tactically~*~*~ (stealth).
  5405 | D:5      | 5405 ||| Stepping ~*~*~tactically~*~*~ (stealth).
  5414 | D:5      | Reached skill level 6 in Fighting
  5468 | D:5      | 5468 ||| UPGRADING to +0 helmet.
  5473 | D:5      | 5473 ||| DROPPING ring of flight.
  5474 | D:5      | 5474 ||| READING scroll labelled IRORRATOCE.
  5671 | D:6      | Found Boextoi's Magic Scroll Shop.
  5674 | D:6      | 5674 ||| SHOPLISTING scroll of acquirement (780 gold, have
                  | 318).
  5674 | D:6      | 5674 ||| BUYING scroll of brand weapon (142 gold).
  5674 | D:6      | Bought a scroll of brand weapon for 142 gold pieces
  5674 | D:6      | 5674 ||| BUYING scroll of teleportation (45 gold).
  5674 | D:6      | Bought a scroll of teleportation for 45 gold pieces
  5800 | D:6      | 5800 ||| Stepping ~*~*~tactically~*~*~ (hiding).
  6001 | D:6      | 6001 ||| Stepping ~*~*~tactically~*~*~ (hiding).
  6007 | D:6      | Reached skill level 9 in Axes
  6007 | D:6      | Reached XP level 9. HP: 51/55 MP: 9/9
  6105 | D:6      | Reached skill level 1 in Throwing
  6229 | D:6      | 6229 ||| Stepping ~*~*~tactically~*~*~ (stealth).
  6246 | D:6      | 6246 ||| Stepping ~*~*~tactically~*~*~ (hiding).
  6247 | D:6      | 6247 ||| Stepping ~*~*~tactically~*~*~ (hiding).
  6364 | D:6      | Found Qeittuts's Distillery.
  6369 | D:6      | 6369 ||| SHOPLISTING 2 potions of mutation (176 gold, have
                  | 172).
  6369 | D:6      | 6369 ||| BUYING potion of cancellation (88 gold).
  6369 | D:6      | Bought a potion of cancellation for 88 gold pieces
  6369 | D:6      | 6369 ||| BUYING potion of might (44 gold).
  6369 | D:6      | Bought a potion of might for 44 gold pieces
  6536 | D:6      | Found Naoxoets's Distillery.
  6615 | D:6      | 6615 ||| UPGRADING to +0 plate armour.
  6625 | D:6      | 6625 ||| DROPPING +0 chain mail.
  6704 | D:7      | Found Hicrebre's General Store.
  6711 | D:7      | 6711 ||| SHOPLISTING +4 ring of evasion (504 gold, have
                  | 53).
  6711 | D:7      | 6711 ||| SHOPLISTING 3 scrolls of enchant armour (315 gold,
                  | have 53).
  6711 | D:7      | 6711 ||| BUYING scroll of teleportation (42 gold).
  6711 | D:7      | Bought a scroll of teleportation for 42 gold pieces
  6728 | D:7      | 6728 ||| Stepping ~*~*~tactically~*~*~ (stealth).
  6729 | D:7      | 6729 ||| Stepping ~*~*~tactically~*~*~ (stealth).
  6739 | D:7      | 6739 ||| Stepping ~*~*~tactically~*~*~ (hiding).
  6924 | D:7      | Reached skill level 6 in Armour
  6957 | D:7      | 6957 ||| DROPPING +0 flail.
  7143 | D:7      | Found a staircase to the Ecumenical Temple.
  7144 | D:7      | 7144 ||| PLANNING TEMPLE
  7152 | Temple   | Entered the Ecumenical Temple
  7251 | Temple   | 7251 ||| PLANNING D:1-11
  7333 | D:7      | 7333 ||| Stepping ~*~*~tactically~*~*~ (hiding).
  7374 | D:7      | 7374 ||| Stepping ~*~*~tactically~*~*~ (stealth).
  7375 | D:7      | 7375 ||| Stepping ~*~*~tactically~*~*~ (stealth).
  7488 | D:7      | Found Duxkat's Fire Supplies.
  7494 | D:7      | 7494 ||| SHOPLISTING +2 pair of boots of fire resistance
                  | (258 gold, have 31).
  7946 | D:6      | 7946 ||| SHOPLISTING potion of attraction (42 gold, have
                  | 31).
  7946 | D:6      | 7946 ||| SHOPLISTING potion of curing (42 gold, have 31).
  7946 | D:6      | 7946 ||| SHOPLISTING potion of resistance (140 gold, have
                  | 31).
  7987 | D:8      | 7987 ||| STAIRDANCE
  7987 | D:8      | Noticed a two-headed ogre
  8007 | D:8      | 8007 ||| STAIRDANCE
  8017 | D:8      | 8017 ||| STAIRDANCE
  8030 | D:8      | 8030 ||| STAIRDANCE
  8033 | D:7      | HP: 5/57 [two-headed ogre/+0 giant club (19)]
  8034 | D:7      | 8034 ||| READING 3 scrolls of teleportation.
  8035 | D:7      | 8035 ||| DRINKING potion of heal wounds.
  8037 | D:7      | Killed a two-headed ogre
  8038 | D:7      | Reached skill level 10 in Axes
  8038 | D:7      | Reached XP level 10. HP: 15/63 MP: 10/10
  8309 | D:8      | 8309 ||| Stepping ~*~*~tactically~*~*~ (hiding).
  8315 | D:8      | HP: 15/63 [wight/+3 morningstar (5)]
  8316 | D:8      | 8316 ||| READING 2 scrolls of teleportation.
  8665 | D:8      | Found a sacrificial altar of Ru.
  8691 | D:8      | 8691 ||| DROPPING +0 morningstar.
  8708 | D:8      | 8708 ||| Stepping ~*~*~tactically~*~*~ (hiding).
  8710 | D:8      | 8710 ||| Stepping ~*~*~tactically~*~*~ (hiding).
  8959 | D:8      | Found a basalt altar of Yredelemnul.
  9079 | D:8      | Found a staircase to the Lair.
  9167 | D:9      | Noticed a two-headed ogre
  9175 | D:9      | Killed a two-headed ogre
  9176 | D:9      | 9176 ||| STAIRDANCE
  9285 | D:9      | 9285 ||| FLEEEEING.
  9291 | D:9      | 9291 ||| STAIRDANCE
  9344 | D:9      | 9344 ||| STAIRDANCE
  9353 | D:9      | 9353 ||| STAIRDANCE
  9360 | D:8      | Reached skill level 11 in Axes
  9362 | D:9      | 9362 ||| STAIRDANCE
  9662 | D:9      | Noticed a deep elf pyromancer
  9663 | D:9      | 9663 ||| Stepping ~*~*~tactically~*~*~ (hiding).
  9666 | D:9      | 9666 ||| Stepping ~*~*~tactically~*~*~ (hiding).
  9683 | D:9      | Killed a deep elf pyromancer
  9686 | D:9      | Reached XP level 11. HP: 39/68 MP: 11/11
 10055 | D:9      | 10055 ||| READING scroll of enchant armour.
 10055 | D:9      | 10055 ||| ENCHANTING +0 helmet.
 10154 | D:9      | Found a sparkling altar of Nemelex Xobeh.
 10183 | D:10     | Entered Level 10 of the Dungeon
 10195 | D:10     | Noticed Lodul
 10196 | D:10     | 10196 ||| Stepping ~*~*~tactically~*~*~ (stealth).
 10204 | D:10     | Reached skill level 9 in Fighting
 10211 | D:10     | 10211 ||| Stepping ~*~*~tactically~*~*~ (hiding).
 10221 | D:10     | Killed Lodul
 10508 | D:10     | Found a flagged portal.
 10819 | D:10     | 10819 ||| Stepping ~*~*~tactically~*~*~ (hiding).
 10821 | D:10     | 10821 ||| Stepping ~*~*~tactically~*~*~ (hiding).
 10871 | D:10     | 10871 ||| Stepping ~*~*~tactically~*~*~ (hiding).
 10873 | D:10     | 10873 ||| Stepping ~*~*~tactically~*~*~ (hiding).
 10884 | D:10     | Reached skill level 12 in Axes
 10906 | D:10     | 10906 ||| FLEEEEING.
 10907 | D:10     | 10907 ||| FLEEEEING.
 10908 | D:10     | 10908 ||| FLEEEEING.
 10909 | D:10     | 10909 ||| FLEEEEING.
 10910 | D:10     | 10910 ||| FLEEEEING.
 10911 | D:10     | 10911 ||| FLEEEEING.
 10912 | D:10     | 10912 ||| FLEEEEING.
 10913 | D:10     | 10913 ||| FLEEEEING.
 10914 | D:10     | 10914 ||| STAIRDANCE
 10950 | D:9      | 10950 ||| DROPPING orb of wrath.
 10951 | D:9      | 10951 ||| UPGRADING to ring of positive energy.
 10952 | D:9      | 10952 ||| UPGRADING to ring of ice.
 10954 | D:9      | 10954 ||| DRINKING 2 bubbling black potions.
 10955 | D:9      | 10955 ||| DROPPING potion of magic.
 10962 | D:10     | Reached skill level 6 in Shields
 10962 | D:10     | 10962 ||| STAIRDANCE
 11046 | D:10     | Reached skill level 9 in Armour
 11091 | D:10     | Noticed a two-headed ogre
 11103 | D:10     | Killed a two-headed ogre
 11551 | D:10     | Found a staircase to the Orcish Mines.
 11672 | D:10     | Found a stormy altar of Qazlal.
 11743 | D:10     | Found an iron altar of Okawaru.
 11914 | D:10     | Found a hazy altar of Hepliaklqana.
 12123 | D:10     | 12123 ||| PLANNING OKAWARU WORSHIP
 12123 | D:10     | Became a worshipper of Warmaster Okawaru
 12124 | D:10     | 12124 ||| PLANNING LAIR
 12212 | Lair:1   | Entered Level 1 of the Lair of Beasts
 12295 | Lair:1   | Reached * piety under Okawaru
 12296 | Lair:1   | 12296 ||| INVOKING Heroism.
 12301 | Lair:1   | HP: 7/72 [blink frog (13)]
 12302 | Lair:1   | 12302 ||| DRINKING 2 potions of heal wounds.
 12308 | Lair:1   | 12308 ||| INVOKING Heroism.
 12410 | Lair:1   | 12410 ||| Stepping ~*~*~tactically~*~*~ (stealth).
 12424 | Lair:1   | 12424 ||| Stepping ~*~*~tactically~*~*~ (stealth).
 12434 | Lair:1   | Reached skill level 1 in Invocations
 12503 | Lair:1   | 12503 ||| Stepping ~*~*~tactically~*~*~ (stealth).
 12505 | Lair:1   | 12505 ||| INVOKING Heroism.
 12555 | Lair:1   | 12555 ||| Stepping ~*~*~tactically~*~*~ (stealth).
 12561 | Lair:1   | 12561 ||| INVOKING Heroism.
 12565 | Lair:1   | 12565 ||| Stepping ~*~*~tactically~*~*~ (stealth).
 12566 | Lair:1   | 12566 ||| Stepping ~*~*~tactically~*~*~ (stealth).
 12614 | Lair:1   | 12614 ||| Stepping ~*~*~tactically~*~*~ (stealth).
 12615 | Lair:1   | 12615 ||| Stepping ~*~*~tactically~*~*~ (stealth).
 12631 | Lair:1   | 12631 ||| Stepping ~*~*~tactically~*~*~ (stealth).
 12636 | Lair:1   | 12636 ||| Stepping ~*~*~tactically~*~*~ (stealth).
 12640 | Lair:1   | 12640 ||| Stepping ~*~*~tactically~*~*~ (stealth).
 12662 | Lair:1   | 12662 ||| INVOKING Heroism.
 12668 | Lair:1   | Reached skill level 3 in Invocations
 12720 | Lair:1   | 12720 ||| Stepping ~*~*~tactically~*~*~ (stealth).
 12722 | Lair:1   | 12722 ||| INVOKING Heroism.
 12725 | Lair:1   | Reached XP level 12. HP: 74/77 MP: 11/14
 12781 | Lair:1   | You fall into a shaft and drop 1 floor!
 12783 | Lair:2   | Reached ** piety under Okawaru
 12903 | Lair:2   | Reached skill level 13 in Axes
 13085 | Lair:2   | 13085 ||| UPGRADING to +2 helmet.
 13095 | Lair:2   | 13095 ||| DROPPING +1 helmet.
 13097 | Lair:2   | Noticed a boulder beetle
 13098 | Lair:2   | 13098 ||| INVOKING Heroism.
 13114 | Lair:2   | Killed a boulder beetle
 13216 | Lair:1   | 13216 ||| INVOKING Heroism.
 13354 | Lair:1   | Found an opulent altar of Gozag.
 13366 | Lair:1   | 13366 ||| INVOKING Heroism.
 13822 | Lair:1   | 13822 ||| INVOKING Heroism.
 14052 | Lair:1   | 14052 ||| UPGRADING to amulet of regeneration.
 14101 | Lair:2   | Found a staircase to the Snake Pit.
 14102 | Lair:2   | 14102 ||| Stepping ~*~*~tactically~*~*~ (hiding).
 14291 | Lair:2   | 14291 ||| Stepping ~*~*~tactically~*~*~ (stealth).
 14296 | Lair:2   | 14296 ||| Stepping ~*~*~tactically~*~*~ (stealth).
 14298 | Lair:2   | 14298 ||| INVOKING Heroism.
 14307 | Lair:2   | Reached *** piety under Okawaru
 14449 | Lair:2   | 14449 ||| Stepping ~*~*~tactically~*~*~ (stealth).
 14454 | Lair:2   | Reached skill level 14 in Axes
 14755 | Lair:3   | 14755 ||| INVOKING Heroism.
 14791 | Lair:3   | 14791 ||| INVOKING Heroism.
 14808 | Lair:3   | Noticed a catoblepas
 14809 | Lair:3   | 14809 ||| Stepping ~*~*~tactically~*~*~ (stealth).
 14814 | Lair:3   | 14814 ||| Stepping ~*~*~tactically~*~*~ (stealth).
 14825 | Lair:3   | 14825 ||| INVOKING Heroism.
 14828 | Lair:3   | Killed a catoblepas
 14852 | Lair:3   | Reached **** piety under Okawaru
 14859 | Lair:3   | Found a staircase to the Swamp.
 14964 | Lair:3   | 14964 ||| INVOKING Heroism.
 15136 | Lair:3   | Reached XP level 13. HP: 83/83 MP: 15/17
 15161 | Lair:3   | Reached skill level 6 in Invocations
 15162 | Lair:3   | Reached ***** piety under Okawaru
 15209 | Lair:3   | 15209 ||| INVOKING Heroism.
 15258 | Lair:3   | 15258 ||| INVOKING Heroism.
 15473 | Lair:3   | 15473 ||| UPGRADING to +0 cloak.
 15478 | Lair:3   | 15478 ||| READING 11 scrolls of identify.
 15478 | Lair:3   | 15478 ||| IDENTIFYING smoky yellow potion
 15512 | Lair:4   | 15512 ||| INVOKING Heroism.
 15513 | Lair:4   | 15513 ||| STAIRDANCE
 15527 | Lair:4   | 15527 ||| STAIRDANCE
 15541 | Lair:4   | 15541 ||| STAIRDANCE
 15549 | Lair:4   | 15549 ||| STAIRDANCE
 15551 | Lair:3   | 15551 ||| INVOKING Heroism.
 15552 | Lair:3   | Identified the +5 kite shield "Iffe" {rF+ Str+4} (Okawaru
                  | gifted it to you on level 3 of the Lair of Beasts)
 15552 | Lair:3   | Received a gift from Okawaru
 15581 | Lair:3   | 15581 ||| UPGRADING to +5 kite shield "Iffe" {rF+ Str+4}.
 15591 | Lair:3   | 15591 ||| REMOVING ring of ice.
 15592 | Lair:3   | 15592 ||| DROPPING +0 buckler.
 15595 | Lair:4   | 15595 ||| INVOKING Heroism.
 15622 | Lair:4   | 15622 ||| Stepping ~*~*~tactically~*~*~ (stealth).
 15636 | Lair:4   | 15636 ||| INVOKING Heroism.
 15749 | Lair:4   | 15749 ||| INVOKING Heroism.
 15805 | Lair:4   | 15805 ||| INVOKING Heroism.
 16079 | Lair:4   | 16079 ||| Stepping ~*~*~tactically~*~*~ (stealth).
 16081 | Lair:4   | 16081 ||| INVOKING Heroism.
 16085 | Lair:4   | 16085 ||| Stepping ~*~*~tactically~*~*~ (stealth).
 16111 | Lair:4   | 16111 ||| INVOKING Heroism.
 16222 | Lair:4   | 16222 ||| UPGRADING to +0 pair of boots.
 16227 | Lair:4   | 16227 ||| READING 11 scrolls of identify.
 16227 | Lair:4   | 16227 ||| IDENTIFYING sapphire potion
 16228 | Lair:4   | 16228 ||| DROPPING potion of invisibility.
 16271 | Lair:5   | Entered Level 5 of the Lair of Beasts
 16272 | Lair:5   | 16272 ||| STAIRDANCE
 16280 | Lair:5   | 16280 ||| STAIRDANCE
 16282 | Lair:4   | 16282 ||| INVOKING Heroism.
 16298 | Lair:5   | 16298 ||| STAIRDANCE
 16308 | Lair:5   | 16308 ||| STAIRDANCE
 16313 | Lair:4   | Reached skill level 9 in Invocations
 16319 | Lair:5   | 16319 ||| STAIRDANCE
 16322 | Lair:4   | Reached skill level 9 in Shields
 16327 | Lair:5   | 16327 ||| STAIRDANCE
 16329 | Lair:4   | 16329 ||| INVOKING Heroism.
 16344 | Lair:5   | 16344 ||| STAIRDANCE
 16360 | Lair:5   | 16360 ||| STAIRDANCE
 16367 | Lair:5   | 16367 ||| STAIRDANCE
 16375 | Lair:5   | 16375 ||| INVOKING Heroism.
 16399 | Lair:5   | Found a staircase to the Slime Pits.
 16402 | Lair:5   | Found a viscous altar of Jiyva.
 16428 | Lair:5   | 16428 ||| INVOKING Heroism.
 16448 | Lair:5   | 16448 ||| INVOKING Finesse.
 16450 | Lair:5   | 16450 ||| SWAPPING to +3 morningstar.
 16457 | Lair:5   | Gained mutation: Your large and strong wings let you fly.
                  | [Gargoyle growth]
 16457 | Lair:5   | Reached XP level 14. HP: 86/90 MP: 15/21
 16457 | Lair:5   | 16457 ||| SWAPPING to +9 broad axe "Unuohergh" {vorpal,
                  | rElec rC+ Will+ Int-3}.
 16575 | Lair:5   | 16575 ||| INVOKING Heroism.
 16586 | Lair:5   | 16586 ||| INVOKING Finesse.
 16595 | Lair:5   | 16595 ||| SWAPPING to +3 morningstar.
 16607 | Lair:5   | 16607 ||| SWAPPING to +9 broad axe "Unuohergh" {vorpal,
                  | rElec rC+ Will+ Int-3}.
 16645 | Lair:5   | 16645 ||| Stepping ~*~*~tactically~*~*~ (stealth).
 16656 | Lair:5   | 16656 ||| Stepping ~*~*~tactically~*~*~ (hiding).
 16691 | Lair:5   | 16691 ||| Stepping ~*~*~tactically~*~*~ (hiding).
 16697 | Lair:5   | 16697 ||| INVOKING Heroism.
 16698 | Lair:5   | 16698 ||| INVOKING Finesse.
 16920 | Lair:5   | 16920 ||| INVOKING Heroism.
 16921 | Lair:5   | 16921 ||| INVOKING Finesse.
 16945 | Lair:5   | 16945 ||| Stepping ~*~*~tactically~*~*~ (hiding).
 17116 | Lair:5   | Noticed a dire elephant
 17116 | Lair:5   | Noticed a dire elephant
 17119 | Lair:5   | Noticed a dire elephant
 17170 | Lair:5   | Reached skill level 12 in Shields
 17171 | Lair:5   | 17171 ||| Stepping ~*~*~tactically~*~*~ (hiding).
 17236 | Lair:5   | 17236 ||| Stepping ~*~*~tactically~*~*~ (hiding).
 17237 | Lair:5   | 17237 ||| INVOKING Heroism.
 17246 | Lair:5   | Received a gift from Okawaru
 17278 | Lair:5   | Reached skill level 3 in Throwing
 17340 | Lair:5   | 17340 ||| INVOKING Heroism.
 17387 | Lair:5   | 17387 ||| INVOKING Heroism.
 17392 | Lair:5   | Killed a dire elephant
 17392 | Lair:5   | Identified the +2 robe "Assitt" {rPois} (Okawaru gifted it
                  | to you on level 5 of the Lair of Beasts)
 17392 | Lair:5   | Received a gift from Okawaru
 17395 | Lair:5   | HP: 19/90 [dire elephant (25)]
 17396 | Lair:5   | 17396 ||| READING scroll of teleportation.
 17397 | Lair:5   | 17397 ||| DRINKING 3 potions of heal wounds.
 17490 | Lair:5   | 17490 ||| INVOKING Heroism.
 17506 | Lair:5   | Killed a dire elephant
 17552 | Lair:5   | 17552 ||| INVOKING Heroism.
 17553 | Lair:5   | 17553 ||| INVOKING Finesse.
 17557 | Lair:5   | 17557 ||| Stepping ~*~*~tactically~*~*~ (hiding).
 17568 | Lair:5   | 17568 ||| Stepping ~*~*~tactically~*~*~ (hiding).
 17584 | Lair:5   | 17584 ||| INVOKING Finesse.
 17612 | Lair:5   | 17612 ||| INVOKING Heroism.
 17674 | Lair:5   | 17674 ||| INVOKING Finesse.
 17693 | Lair:5   | Killed a dire elephant
 17699 | Lair:5   | 17699 ||| INVOKING Heroism.
 17880 | Lair:5   | 17880 ||| READING scroll of acquirement.
 17880 | Lair:5   | 17880 ||| ACQUIRING 793 gold pieces
 17880 | Lair:5   | Acquired 793 gold pieces
 18051 | Lair:5   | 18051 ||| PLANNING D:1-11
 18051 | Lair:5   | 18051 ||| UPGRADING to +4 ring of evasion.
 18052 | Lair:5   | 18052 ||| READING scroll labelled NIRYXZOTWIU.
 18197 | D:11     | Found Seicwah's Weapon Emporium.
 18363 | D:11     | 18363 ||| Stepping ~*~*~tactically~*~*~ (stealth).
 18366 | D:11     | 18366 ||| INVOKING Heroism.
 18372 | D:11     | 18372 ||| Stepping ~*~*~tactically~*~*~ (hiding).
 18373 | D:11     | 18373 ||| Stepping ~*~*~tactically~*~*~ (stealth).
 18375 | D:11     | 18375 ||| Stepping ~*~*~tactically~*~*~ (hiding).
 18379 | D:11     | 18379 ||| Stepping ~*~*~tactically~*~*~ (hiding).
 18390 | D:11     | 18390 ||| Stepping ~*~*~tactically~*~*~ (stealth).
 18391 | D:11     | 18391 ||| Stepping ~*~*~tactically~*~*~ (stealth).
 18686 | D:11     | 18686 ||| PLANNING D
 18686 | D:11     | 18686 ||| DROPPING amulet of the acrobat.
 18768 | D:12     | Reached skill level 15 in Axes
 18886 | D:12     | Noticed Nessos
 18887 | D:12     | 18887 ||| Stepping ~*~*~tactically~*~*~ (hiding).
 18888 | D:12     | 18888 ||| Stepping ~*~*~tactically~*~*~ (hiding).
 18891 | D:12     | 18891 ||| INVOKING Finesse.
 18900 | D:12     | Killed Nessos
 18946 | D:12     | 18946 ||| INVOKING Heroism.
 19140 | D:12     | 19140 ||| INVOKING Heroism.
 19351 | D:12     | 19351 ||| INVOKING Heroism.
 19494 | D:13     | 19494 ||| INVOKING Heroism.
 19500 | D:13     | HP: 17/90 [tengu warrior/bolt (19)]
 19501 | D:13     | 19501 ||| DRINKING 2 potions of heal wounds.
 19599 | D:13     | Reached XP level 15. HP: 96/96 MP: 22/22
 19653 | D:13     | 19653 ||| INVOKING Heroism.
 19660 | D:13     | 19660 ||| SWAPPING to +3 morningstar.
 19666 | D:13     | 19666 ||| SWAPPING to +9 broad axe "Unuohergh" {vorpal,
                  | rElec rC+ Will+ Int-3}.
 19668 | D:13     | Reached skill level 12 in Fighting
 19863 | D:13     | 19863 ||| Stepping ~*~*~tactically~*~*~ (stealth).
 19864 | D:13     | 19864 ||| Stepping ~*~*~tactically~*~*~ (stealth).
 19868 | D:13     | 19868 ||| Stepping ~*~*~tactically~*~*~ (hiding).
 19888 | D:13     | 19888 ||| Stepping ~*~*~tactically~*~*~ (stealth).
 19890 | D:13     | 19890 ||| Stepping ~*~*~tactically~*~*~ (hiding).
 20388 | D:14     | 20388 ||| READING scroll of enchant armour.
 20388 | D:14     | 20388 ||| ENCHANTING +0 pair of boots.
 20473 | D:14     | 20473 ||| Stepping ~*~*~tactically~*~*~ (stealth).
 20476 | D:14     | 20476 ||| Stepping ~*~*~tactically~*~*~ (hiding).
 20479 | D:14     | 20479 ||| INVOKING Heroism.
 20480 | D:14     | 20480 ||| SWAPPING to +3 morningstar.
 20481 | D:14     | 20481 ||| INVOKING Finesse.
 20482 | D:14     | 20482 ||| Stepping ~*~*~tactically~*~*~ (outnumbered).
 20483 | D:14     | 20483 ||| Stepping ~*~*~tactically~*~*~ (hiding).
 20487 | D:14     | 20487 ||| Stepping ~*~*~tactically~*~*~ (hiding).
 20493 | D:14     | Reached skill level 12 in Armour
 20498 | D:14     | Identified the +7 demon trident of Pynn {drain, rF+}
                  | (Okawaru gifted it to you on level 14 of the Dungeon)
 20498 | D:14     | Received a gift from Okawaru
 20499 | D:14     | 20499 ||| SWAPPING to +9 broad axe "Unuohergh" {vorpal,
                  | rElec rC+ Will+ Int-3}.
 20521 | D:14     | 20521 ||| Stepping ~*~*~tactically~*~*~ (hiding).
 20532 | D:14     | 20532 ||| Stepping ~*~*~tactically~*~*~ (hiding).
 20550 | D:14     | 20550 ||| Stepping ~*~*~tactically~*~*~ (hiding).
 20552 | D:14     | 20552 ||| Stepping ~*~*~tactically~*~*~ (stealth).
 20585 | D:14     | 20585 ||| DROPPING +7 demon trident of Pynn {drain, rF+}.
 20616 | D:14     | 20616 ||| Stepping ~*~*~tactically~*~*~ (hiding).
 20617 | D:14     | 20617 ||| Stepping ~*~*~tactically~*~*~ (hiding).
 20754 | D:14     | 20754 ||| Stepping ~*~*~tactically~*~*~ (hiding).
 20758 | D:14     | 20758 ||| INVOKING Heroism.
 20782 | D:14     | 20782 ||| INVOKING Heroism.
 20799 | D:14     | 20799 ||| Stepping ~*~*~tactically~*~*~ (hiding).
 20805 | D:14     | Received a gift from Okawaru
 20808 | D:14     | Reached skill level 16 in Axes
 20828 | D:14     | 20828 ||| Stepping ~*~*~tactically~*~*~ (stealth).
 20844 | D:14     | 20844 ||| Stepping ~*~*~tactically~*~*~ (hiding).
 21026 | D:14     | 21026 ||| Stepping ~*~*~tactically~*~*~ (stealth).
 21035 | D:14     | 21035 ||| INVOKING Heroism.
 21036 | D:14     | 21036 ||| SWAPPING to +3 morningstar.
 21037 | D:14     | 21037 ||| INVOKING Finesse.
 21051 | D:14     | 21051 ||| SWAPPING to +9 broad axe "Unuohergh" {vorpal,
                  | rElec rC+ Will+ Int-3}.
 21173 | D:14     | Found a gate to the Vaults.
 21239 | D:14     | 21239 ||| INVOKING Heroism.
 21334 | D:14     | 21334 ||| INVOKING Heroism.
 21395 | D:14     | 21395 ||| Stepping ~*~*~tactically~*~*~ (stealth).
 21405 | D:14     | 21405 ||| INVOKING Heroism.
 21455 | D:14     | 21455 ||| INVOKING Heroism.
 21597 | D:14     | 21597 ||| UPGRADING to +1 tower shield of reflection.
 21607 | D:14     | 21607 ||| UPGRADING to ring of ice.
 21667 | D:15     | Entered Level 15 of the Dungeon
 21698 | D:15     | 21698 ||| Stepping ~*~*~tactically~*~*~ (hiding).
 21700 | D:15     | 21700 ||| INVOKING Heroism.
 21720 | D:15     | 21720 ||| Stepping ~*~*~tactically~*~*~ (hiding).
 21726 | D:15     | 21726 ||| Stepping ~*~*~tactically~*~*~ (hiding).
 21736 | D:15     | 21736 ||| Stepping ~*~*~tactically~*~*~ (hiding).
 21760 | D:15     | Received a gift from Okawaru
 21778 | D:15     | 21778 ||| INVOKING Heroism.
 21828 | D:15     | Found a staircase to the Depths.
 21850 | D:15     | 21850 ||| Stepping ~*~*~tactically~*~*~ (hiding).
 21977 | D:15     | 21977 ||| Stepping ~*~*~tactically~*~*~ (stealth).
 21985 | D:15     | 21985 ||| INVOKING Heroism.
 21990 | D:15     | Received a gift from Okawaru
 22011 | D:15     | 22011 ||| Stepping ~*~*~tactically~*~*~ (stealth).
 22012 | D:15     | 22012 ||| Stepping ~*~*~tactically~*~*~ (stealth).
 22031 | D:15     | 22031 ||| INVOKING Heroism.
 22037 | D:15     | Reached XP level 16. HP: 59/101 MP: 20/23
 22127 | D:15     | 22127 ||| INVOKING Heroism.
 22181 | D:15     | 22181 ||| INVOKING Heroism.
 22330 | D:15     | 22330 ||| INVOKING Heroism.
 22407 | D:15     | 22407 ||| Stepping ~*~*~tactically~*~*~ (stealth).
 22408 | D:15     | 22408 ||| Stepping ~*~*~tactically~*~*~ (stealth).
 22409 | D:15     | 22409 ||| INVOKING Heroism.
 22420 | D:15     | Reached skill level 15 in Shields
 22464 | D:15     | Noticed Roxanne
 22465 | D:15     | 22465 ||| INVOKING Heroism.
 22466 | D:15     | 22466 ||| INVOKING Finesse.
 22497 | D:15     | Killed Roxanne
 22687 | D:15     | 22687 ||| PLANNING ORC
 22687 | D:15     | 22687 ||| DROPPING +1 helmet of intelligence.
 22838 | Orc:1    | Entered Level 1 of the Orcish Mines
 22839 | Orc:1    | 22839 ||| INVOKING Heroism.
 22839 | Orc:1    | Noticed Jorgrun
 22840 | Orc:1    | 22840 ||| INVOKING Finesse.
 22846 | Orc:1    | Noticed Maurice
 22871 | Orc:1    | Killed Maurice
 22872 | Orc:1    | Killed Jorgrun
 22883 | Orc:1    | Noticed Harold
 22884 | Orc:1    | 22884 ||| Stepping ~*~*~tactically~*~*~ (hiding).
 22899 | Orc:1    | Killed Harold
 22951 | Orc:1    | 22951 ||| INVOKING Heroism.
 23067 | Orc:1    | 23067 ||| DROPPING +0 chain mail of cold resistance.
 23068 | Orc:1    | 23068 ||| UPGRADING to +1 cloak.
 23078 | Orc:1    | 23078 ||| DROPPING +0 cloak.
 23079 | Orc:1    | 23079 ||| UPGRADING to +2 plate armour of willpower.
 23089 | Orc:1    | 23089 ||| DROPPING +0 plate armour.
 23100 | Orc:2    | Entered Level 2 of the Orcish Mines
 23100 | Orc:2    | Found Tessyn's Magic Scroll Shoppe.
 23101 | Orc:2    | 23101 ||| INVOKING Heroism.
 23123 | Orc:2    | 23123 ||| STAIRDANCE
 23179 | Orc:2    | 23179 ||| INVOKING Heroism.
 23180 | Orc:2    | 23180 ||| STAIRDANCE
 23186 | Orc:2    | 23186 ||| STAIRDANCE
 23193 | Orc:2    | 23193 ||| STAIRDANCE
 23201 | Orc:2    | 23201 ||| STAIRDANCE
 23207 | Orc:2    | 23207 ||| STAIRDANCE
 23249 | Orc:2    | 23249 ||| BUYING scroll of brand weapon (123 gold).
 23249 | Orc:2    | Bought a scroll of brand weapon for 123 gold pieces
 23249 | Orc:2    | 23249 ||| BUYING scroll of enchant armour (97 gold).
 23249 | Orc:2    | Bought a scroll of enchant armour for 97 gold pieces
 23249 | Orc:2    | 23249 ||| BUYING scroll of enchant armour (97 gold).
 23249 | Orc:2    | Bought a scroll of enchant armour for 97 gold pieces
 23249 | Orc:2    | 23249 ||| BUYING scroll of teleportation (39 gold).
 23249 | Orc:2    | Bought a scroll of teleportation for 39 gold pieces
 23249 | Orc:2    | 23249 ||| BUYING scroll of teleportation (39 gold).
 23249 | Orc:2    | Bought a scroll of teleportation for 39 gold pieces
 23249 | Orc:2    | 23249 ||| READING 2 scrolls of enchant armour.
 23249 | Orc:2    | 23249 ||| ENCHANTING +1 pair of boots.
 23250 | Orc:2    | 23250 ||| READING scroll of enchant armour.
 23250 | Orc:2    | 23250 ||| ENCHANTING +1 cloak.
 23306 | Orc:2    | 23306 ||| Stepping ~*~*~tactically~*~*~ (hiding).
 23309 | Orc:2    | 23309 ||| INVOKING Heroism.
 23310 | Orc:2    | 23310 ||| Stepping ~*~*~tactically~*~*~ (stealth).
 23316 | Orc:2    | 23316 ||| Stepping ~*~*~tactically~*~*~ (hiding).
 23363 | Orc:2    | 23363 ||| Stepping ~*~*~tactically~*~*~ (stealth).
 23366 | Orc:2    | 23366 ||| Stepping ~*~*~tactically~*~*~ (hiding).
 23369 | Orc:2    | 23369 ||| INVOKING Heroism.
 23388 | Orc:2    | 23388 ||| INVOKING Finesse.
 23415 | Orc:2    | HP: 22/101 [orc high priest/divine providence (13)]
 23416 | Orc:2    | 23416 ||| READING 3 scrolls of teleportation.
 23417 | Orc:2    | 23417 ||| DRINKING 2 potions of heal wounds.
 23418 | Orc:2    | 23418 ||| DRINKING potion of heal wounds.
 23419 | Orc:2    | Identified the +2 hat "Caah" {Harm Drain Dex+5} (Okawaru
                  | gifted it to you on level 2 of the Orcish Mines)
 23419 | Orc:2    | Received a gift from Okawaru
 23498 | Orc:2    | 23498 ||| Stepping ~*~*~tactically~*~*~ (hiding).
 23608 | Orc:2    | 23608 ||| DROPPING +3 morningstar.
 23610 | Orc:2    | 23610 ||| Stepping ~*~*~tactically~*~*~ (hiding).
 23617 | Orc:2    | 23617 ||| Stepping ~*~*~tactically~*~*~ (stealth).
 23618 | Orc:2    | 23618 ||| Stepping ~*~*~tactically~*~*~ (stealth).
 23621 | Orc:2    | 23621 ||| Stepping ~*~*~tactically~*~*~ (stealth).
 23623 | Orc:2    | 23623 ||| Stepping ~*~*~tactically~*~*~ (hiding).
 23655 | Orc:2    | 23655 ||| Stepping ~*~*~tactically~*~*~ (stealth).
 23658 | Orc:2    | 23658 ||| Stepping ~*~*~tactically~*~*~ (hiding).
 23659 | Orc:2    | 23659 ||| Stepping ~*~*~tactically~*~*~ (hiding).
 23668 | Orc:2    | 23668 ||| Stepping ~*~*~tactically~*~*~ (stealth).
 23669 | Orc:2    | 23669 ||| Stepping ~*~*~tactically~*~*~ (stealth).
 23687 | Orc:2    | Found Biamubap's Armour Boutique.
 23687 | Orc:2    | Found Dush's Antique Armour Boutique.
 23688 | Orc:2    | 23688 ||| Stepping ~*~*~tactically~*~*~ (hiding).
 23693 | Orc:2    | 23693 ||| INVOKING Heroism.
 23708 | Orc:2    | Found Xuineb's Antique Armour Shop.
 23712 | Orc:2    | Found Nohec's Jewellery Shop.
 23713 | Orc:2    | 23713 ||| Stepping ~*~*~tactically~*~*~ (stealth).
 23715 | Orc:2    | 23715 ||| BUYING +1 pair of gloves of the Illusory Lies
                  | {rC+ MP+9} (636 gold).
 23715 | Orc:2    | Bought the +1 pair of gloves of the Illusory Lies {rC+
                  | MP+9} for 636 gold pieces
 23715 | Orc:2    | 23715 ||| Stepping ~*~*~tactically~*~*~ (hiding).
 23718 | Orc:2    | 23718 ||| BUYING +2 shield of Resistance {rF++ rC++ Will++}
                  | (1762 gold).
 23718 | Orc:2    | Bought the +2 shield of Resistance {rF++ rC++ Will++} for
                  | 1762 gold pieces
 23718 | Orc:2    | Found the +2 shield of Resistance {rF++ rC++ Will++}
 23718 | Orc:2    | 23718 ||| SHOPLISTING glowing helmet (187 gold, have 2).
 23728 | Orc:2    | 23728 ||| SHOPLISTING ring of ice (300 gold, have 2).
 23795 | Orc:2    | Found a staircase to the Elven Halls.
 23796 | Orc:2    | 23796 ||| INVOKING Heroism.
 23845 | Orc:2    | 23845 ||| Stepping ~*~*~tactically~*~*~ (hiding).
 23846 | Orc:2    | 23846 ||| Stepping ~*~*~tactically~*~*~ (hiding).
 23847 | Orc:2    | 23847 ||| Stepping ~*~*~tactically~*~*~ (hiding).
 23848 | Orc:2    | 23848 ||| Stepping ~*~*~tactically~*~*~ (hiding).
 23849 | Orc:2    | 23849 ||| Stepping ~*~*~tactically~*~*~ (hiding).
 24118 | Orc:2    | 24118 ||| Stepping ~*~*~tactically~*~*~ (stealth).
 24171 | Orc:2    | 24171 ||| DROPPING +2 hat "Caah" {Harm Drain Dex+5}.
 24172 | Orc:2    | 24172 ||| DROPPING +2 chain mail of cold resistance.
 24222 | Orc:1    | Noticed Snorg
 24223 | Orc:1    | 24223 ||| INVOKING Heroism.
 24225 | Orc:1    | 24225 ||| INVOKING Finesse.
 24239 | Orc:1    | Killed Snorg
 24487 | Orc:1    | 24487 ||| PLANNING SWAMP:1-3
 24644 | Swamp:1  | Entered Level 1 of the Swamp
 24645 | Swamp:1  | 24645 ||| INVOKING Heroism.
 24647 | Swamp:1  | 24647 ||| INVOKING Finesse.
 24651 | Swamp:1  | Reached skill level 6 in Throwing
 24652 | Swamp:1  | 24652 ||| SWAPPING to +2 war axe of flaming.
 24654 | Swamp:1  | 24654 ||| SWAPPING to +9 broad axe "Unuohergh" {vorpal,
                  | rElec rC+ Will+ Int-3}.
 24655 | Swamp:1  | 24655 ||| SWAPPING to +2 war axe of flaming.
 24662 | Swamp:1  | 24662 ||| SWAPPING to +9 broad axe "Unuohergh" {vorpal,
                  | rElec rC+ Will+ Int-3}.
 24665 | Swamp:1  | 24665 ||| SWAPPING to +2 war axe of flaming.
 24666 | Swamp:1  | 24666 ||| SWAPPING to +9 broad axe "Unuohergh" {vorpal,
                  | rElec rC+ Will+ Int-3}.
 24667 | Swamp:1  | 24667 ||| SWAPPING to +2 war axe of flaming.
 24678 | Swamp:1  | 24678 ||| SWAPPING to +9 broad axe "Unuohergh" {vorpal,
                  | rElec rC+ Will+ Int-3}.
 24724 | Swamp:1  | 24724 ||| INVOKING Heroism.
 25108 | Swamp:2  | 25108 ||| INVOKING Heroism.
 25200 | Swamp:2  | 25200 ||| Stepping ~*~*~tactically~*~*~ (hiding).
 25424 | Swamp:2  | 25424 ||| Stepping ~*~*~tactically~*~*~ (hiding).
 25462 | Swamp:2  | Noticed a tentacled monstrosity
 25465 | Swamp:2  | Noticed qw's ghost (adept GrFi)
 25465 | Swamp:2  | Noticed a thorn hunter
 25470 | Swamp:2  | Found a runed translucent gate.
 25470 | Swamp:2  | Found a runed translucent gate.
 25470 | Swamp:2  | Found a runed translucent gate.
 25470 | Swamp:2  | Noticed a thorn hunter
 25487 | Swamp:2  | 25487 ||| Stepping ~*~*~tactically~*~*~ (hiding).
 25489 | Swamp:2  | 25489 ||| INVOKING Heroism.
 25490 | Swamp:2  | 25490 ||| SWAPPING to +2 war axe of flaming.
 25494 | Swamp:2  | 25494 ||| SWAPPING to +9 broad axe "Unuohergh" {vorpal,
                  | rElec rC+ Will+ Int-3}.
 25536 | Swamp:2  | Received a gift from Okawaru
 25537 | Swamp:2  | Reached XP level 17. HP: 101/106 MP: 24/24
 25633 | Swamp:2  | 25633 ||| INVOKING Heroism.
 25789 | Swamp:3  | 25789 ||| INVOKING Heroism.
 25809 | Swamp:3  | 25809 ||| FLEEEEING.
 25810 | Swamp:3  | 25810 ||| FLEEEEING.
 25820 | Swamp:3  | Received a gift from Okawaru
 25821 | Swamp:3  | Reached skill level 17 in Axes
 25821 | Swamp:3  | 25821 ||| Stepping ~*~*~tactically~*~*~ (hiding).
 25827 | Swamp:3  | 25827 ||| INVOKING Finesse.
 25846 | Swamp:3  | 25846 ||| SWAPPING to +2 war axe of flaming.
 25857 | Swamp:3  | 25857 ||| SWAPPING to +9 broad axe "Unuohergh" {vorpal,
                  | rElec rC+ Will+ Int-3}.
 26018 | Swamp:3  | 26018 ||| Stepping ~*~*~tactically~*~*~ (hiding).
 26131 | Swamp:3  | 26131 ||| INVOKING Heroism.
 26153 | Swamp:3  | 26153 ||| INVOKING Heroism.
 26160 | Swamp:3  | 26160 ||| SWAPPING to +2 war axe of flaming.
 26168 | Swamp:3  | 26168 ||| SWAPPING to +9 broad axe "Unuohergh" {vorpal,
                  | rElec rC+ Will+ Int-3}.
 26273 | Swamp:3  | 26273 ||| INVOKING Heroism.
 26274 | Swamp:3  | 26274 ||| INVOKING Finesse.
 26335 | Swamp:3  | 26335 ||| INVOKING Heroism.
 26542 | Swamp:3  | 26542 ||| PLANNING SNAKE:1-3
 26542 | Swamp:3  | 26542 ||| READING 15 scrolls of identify.
 26542 | Swamp:3  | 26542 ||| IDENTIFYING black potion
 26543 | Swamp:3  | 26543 ||| DROPPING potion of flight.
 26657 | Snake:1  | Entered Level 1 of the Snake Pit
 26690 | Snake:1  | 26690 ||| INVOKING Heroism.
 26692 | Snake:1  | Found Foggu's Antique Weapon Shoppe.
 26694 | Snake:1  | Found Gaofipp's Distillery.
 26697 | Snake:1  | 26697 ||| BUYING runed broad axe (189 gold).
 26697 | Snake:1  | Bought a runed broad axe for 189 gold pieces
 26748 | Snake:1  | 26748 ||| DROPPING +4 vorpal broad axe.
 26754 | Snake:1  | 26754 ||| BUYING 2 potions of curing (78 gold).
 26754 | Snake:1  | Bought 2 potions of curing for 78 gold pieces
 26754 | Snake:1  | 26754 ||| BUYING potion of attraction (39 gold).
 26754 | Snake:1  | Bought a potion of attraction for 39 gold pieces
 26754 | Snake:1  | 26754 ||| BUYING potion of heal wounds (65 gold).
 26754 | Snake:1  | Bought a potion of heal wounds for 65 gold pieces
 26754 | Snake:1  | 26754 ||| BUYING potion of mutation (104 gold).
 26754 | Snake:1  | Bought a potion of mutation for 104 gold pieces
 26839 | Snake:1  | 26839 ||| Stepping ~*~*~tactically~*~*~ (hiding).
 26844 | Snake:1  | 26844 ||| INVOKING Heroism.
 26956 | Snake:1  | 26956 ||| INVOKING Heroism.
 26964 | Snake:1  | 26964 ||| Stepping ~*~*~tactically~*~*~ (hiding).
 27024 | Snake:1  | Found Wopteam's Distillery.
 27035 | Snake:1  | 27035 ||| BUYING potion of curing (57 gold).
 27035 | Snake:1  | Bought a potion of curing for 57 gold pieces
 27035 | Snake:1  | 27035 ||| SHOPLISTING potion of heal wounds (95 gold, have
                  | 69).
 27035 | Snake:1  | 27035 ||| BUYING potion of lignification (57 gold).
 27035 | Snake:1  | Bought a potion of lignification for 57 gold pieces
 27035 | Snake:1  | 27035 ||| SHOPLISTING potion of might (76 gold, have 12).
 27035 | Snake:1  | 27035 ||| SHOPLISTING potion of mutation (152 gold, have
                  | 12).
 27201 | Snake:1  | 27201 ||| READING 3 scrolls of teleportation.
 27307 | Snake:1  | Found Xuji Ets's General Store.
 27313 | Snake:1  | Found Gistrimau's Armour Boutique.
 27319 | Snake:1  | 27319 ||| SHOPLISTING 3 scrolls of teleportation (117 gold,
                  | have 21).
 27319 | Snake:1  | 27319 ||| SHOPLISTING scroll of brand weapon (123 gold,
                  | have 21).
 27319 | Snake:1  | 27319 ||| SHOPLISTING scroll of enchant armour (97 gold,
                  | have 21).
 27319 | Snake:1  | 27319 ||| SHOPLISTING scroll of teleportation (39 gold,
                  | have 21).
 27329 | Snake:1  | Found Jioloov's Jewellery Shop.
 27337 | Snake:1  | 27337 ||| SHOPLISTING +6 ring of strength (540 gold, have
                  | 21).
 27911 | Snake:2  | 27911 ||| STAIRDANCE
 27918 | Snake:2  | 27918 ||| STAIRDANCE
 27940 | Snake:2  | 27940 ||| INVOKING Heroism.
 27952 | Snake:2  | Received a gift from Okawaru
 27966 | Snake:2  | Identified the ring of the Albatross {rC- AC+4 Int+2 SInv}
 28049 | Snake:2  | 28049 ||| Stepping ~*~*~tactically~*~*~ (hiding).
 28051 | Snake:2  | 28051 ||| INVOKING Heroism.
 28095 | Snake:2  | 28095 ||| Stepping ~*~*~tactically~*~*~ (stealth).
 28096 | Snake:2  | 28096 ||| Stepping ~*~*~tactically~*~*~ (hiding).
 28097 | Snake:2  | 28097 ||| Stepping ~*~*~tactically~*~*~ (hiding).
 28109 | Snake:2  | 28109 ||| INVOKING Heroism.
 28111 | Snake:2  | 28111 ||| Stepping ~*~*~tactically~*~*~ (hiding).
 28120 | Snake:2  | Received a gift from Okawaru
 28122 | Snake:2  | Noticed Vashnia
 28143 | Snake:2  | 28143 ||| Stepping ~*~*~tactically~*~*~ (hiding).
 28144 | Snake:2  | 28144 ||| FLEEEEING.
 28145 | Snake:2  | 28145 ||| FLEEEEING.
 28172 | Snake:2  | 28172 ||| INVOKING Heroism.
 28176 | Snake:2  | 28176 ||| Stepping ~*~*~tactically~*~*~ (hiding).
 28187 | Snake:2  | Killed Vashnia
 28187 | Snake:2  | Received a gift from Okawaru
 28283 | Snake:2  | 28283 ||| INVOKING Heroism.
 28389 | Snake:2  | 28389 ||| Stepping ~*~*~tactically~*~*~ (stealth).
 28406 | Snake:2  | 28406 ||| Stepping ~*~*~tactically~*~*~ (hiding).
 28408 | Snake:2  | 28408 ||| INVOKING Heroism.
 28460 | Snake:2  | Received a gift from Okawaru
 28462 | Snake:2  | 28462 ||| Stepping ~*~*~tactically~*~*~ (hiding).
 28591 | Snake:2  | 28591 ||| Stepping ~*~*~tactically~*~*~ (stealth).
 28595 | Snake:2  | 28595 ||| Stepping ~*~*~tactically~*~*~ (stealth).
 28785 | Snake:2  | 28785 ||| Stepping ~*~*~tactically~*~*~ (hiding).
 28786 | Snake:2  | 28786 ||| Stepping ~*~*~tactically~*~*~ (hiding).
 28789 | Snake:2  | 28789 ||| Stepping ~*~*~tactically~*~*~ (hiding).
 28795 | Snake:2  | 28795 ||| INVOKING Heroism.
 28802 | Snake:2  | Reached skill level 18 in Axes
 28826 | Snake:2  | Identified the +2 scale mail "Kaorod" {rF+ rCorr}
 29005 | Snake:2  | 29005 ||| Stepping ~*~*~tactically~*~*~ (hiding).
 29194 | Snake:2  | Found Qefimot's Book Emporium.
 29194 | Snake:2  | Found Jutor's Jewellery Boutique.
 29196 | Snake:2  | Found Utuisec's Book Emporium.
 29197 | Snake:2  | Noticed Aizul
 29198 | Snake:2  | 29198 ||| INVOKING Heroism.
 29199 | Snake:2  | 29199 ||| INVOKING Finesse.
 29214 | Snake:2  | Killed Aizul
 29250 | Snake:2  | 29250 ||| SHOPLISTING ring "Etrew" {Will+ Dex+2} (615 gold,
                  | have 125).
 29250 | Snake:2  | 29250 ||| SHOPLISTING ring of protection from fire (425
                  | gold, have 125).
 29351 | Snake:2  | Found Summook's Book Emporium.
 29415 | Snake:2  | 29415 ||| INVOKING Heroism.
 29422 | Snake:2  | Reached XP level 18. HP: 114/114 MP: 23/25
 29437 | Snake:2  | 29437 ||| DROPPING +2 war axe of flaming.
 29470 | Snake:3  | 29470 ||| Stepping ~*~*~tactically~*~*~ (stealth).
 29480 | Snake:3  | 29480 ||| INVOKING Heroism.
 29495 | Snake:3  | HP: 14/115 [salamander/+0 trident (22)]
 29496 | Snake:3  | 29496 ||| READING 3 scrolls of teleportation.
 29497 | Snake:3  | 29497 ||| DRINKING 3 potions of heal wounds.
 29498 | Snake:3  | 29498 ||| DRINKING 2 potions of heal wounds.
 29500 | Snake:3  | HP: 23/115 [naga/+0 war axe (11)]
 29501 | Snake:3  | 29501 ||| DRINKING potion of heal wounds.
 29604 | Snake:3  | Received a gift from Okawaru
 29695 | Snake:3  | 29695 ||| INVOKING Heroism.
 29699 | Snake:3  | Found Reurim's Distillery.
 29718 | Snake:3  | Noticed Kirke
 29723 | Snake:3  | HP: 24/116 [salamander mystic/bolt of magma (42)]
 29724 | Snake:3  | 29724 ||| READING 3 scrolls of teleportation.
 29724 | Snake:3  | Mangled by a salamander

Levels and vault maps discovered:
D:1:      arrival_zaba_pyramid, layout_loops_ring,
          ebering_ecumenical_altar_petrified, nicolae_grassy_gnolls
D:2:      minmay_spotlight, layout_loops_ring, minmay_fractal_squares_5,
          uniq_terence
D:3:      layout_basic, lemuel_doored_altar, nzn_wu_jian_council_hall,
          bh_walls_and_bars
D:4:      layout_gridville, dancing_weapons_uskayaw, serial_park_tiny_pond
D:5:      layout_rooms, trog_butcher_becter, serial_undead, serial_undead_d,
          serial_undead_b, serial_undead_a, serial_undead_d,
          gammafunk_ghost_necromancy
D:6:      layout_basic, serial_shops, shop, kennysheep_little_box,
          nicolae_take_the_stairs
D:7:      layout_basic, minmay_temple_entry_trees, serial_shops,
          nicolae_shop_advertising_works [nicolae_subvault_shop_adworks],
          hangedman_decor_push, nicolae_shop_fire_sale [nicolae_sub_dead_trees]
D:8:      layout_rooms, lemuel_zombie_altar_yredelemnul,
          mainiacjoe_overflow_cross_hatched, lair_entry_dummy,
          minmay_crystal_room
D:9:      layout_cave_pools, nemelex_spade_bored_becter, minmay_librarian
D:10:     layout_layer_cave, amcnicky_altar_gilded,
          mainiacjoe_overflow_alcove_4, nicolae_hepliaklqana_monster_ancestors,
          enter_bailey_3, minivault_21, uniq_lodul
D:11:     layout_cave_pools, serial_shops, nicolae_lakefront_shop
D:12:     layout_stronghold, uniq_nessos
D:13:     layout_irregular_city, dreamdust_mushroom_princess, hive_lemuel
D:14:     minmay_blocky_corners, layout_rooms,
          hangedman_vaults_entry_quadrant_bands, serial_park_square3
          [serial_park_minivault_5x5_5], argonaut_gorgonesque
D:15:     grunt_enter_depths_magical_seal, layout_basic, minmay_misc_feat_chi,
          uniq_roxanne
Temple:   nicolae_temple_godzebo
Lair:1:   layout_cave_pods, basic_altar, grunt_forest_small_clearing_treed,
          lemuel_fruit_tree, grunt_megastairs_1, infiniplex_staircase_pool_2,
          serial_bayou_shore_b
Lair:2:   layout_cave_pods, guppyfry_snake_entry_garden
Lair:3:   layout_chaotic_city, minmay_swamp_entry_worms, grunt_megastairs_4
Lair:4:   layout_hall_layers
Lair:5:   due_jungle_book, layout_gridlike, slime_entry_1, grunt_megastairs_5
Swamp:1:  layout_falls_marsh, evilmike_swamp_ruin_rubble_1, swamp_pool5,
          nicolae_swamp_drake_lake, infiniplex_staircase_pool
Swamp:2:  layout_basic_swamp, gammafunk_ghost_split,
          nicolae_swamp_very_dense_foliage
Swamp:3:  layout_basic_swamp, evilmike_swamp_ruin_house_1
Snake:1:  layout_basic, serial_shops, nicolae_lakefront_shop,
          nicolae_snake_serpentine_bazaar, serial_bayou_shore_a,
          minmay_shoptagon
Snake:2:  layout_chambers, serial_shops, nicolae_lakefront_shop,
          grunt_ministairs_11, hangedman_snake_corridor_split,
          minmay_shop_grove, uniq_aizul, uniq_vashnia
Snake:3:  layout_basic, serial_shops, nicolae_shop_hallway_stairs,
          nicolae_wooded_promenade, uniq_kirke
Orc:1:    layout_caves, uniq_jorgrun, uniq_maurice, uniq_snorg, uniq_harold
Orc:2:    st_orc_mages, layout_caves, serial_shops, shop

Skill      XL: |  1  2  3  4  5  6  7  8  9 10 11 12 13 14 15 16 17 18 |
---------------+-------------------------------------------------------+-----
Axes           | 2 3 4 5 6 7 9 10 11 12 14 15 16 18 | 18.0
Fighting       | 4 5 6 7 8 10 11 12 13 14 | 14.0
Dodging        | 1 2 |  2.0
Armour         | 4 6 8 9 10 11 12 13 | 13.0
Throwing       | 1 2 5 7 |  7.1
Shields        | 4 5 6 9 12 14 17 | 17.8
Invocations    | 3 5 10 | 10.0

Action                   |  1- 3 |  4- 6 |  7- 9 | 10-12 | 13-15 | 16-18 || total
-------------------------+-------+-------+-------+-------+-------+-------++-------
Melee: War axe           |    74 |   129 |       |       |       |    37 ||   240
       Kick              |     2 |    29 |    44 |   106 |    22 |       ||   203
       Broad axe         |       |    30 |   176 |   409 |   818 |   887 ||  2320
       Morningstar       |       |       |       |       |    46 |       ||    46
Throw: Boomerang         |       |       |    30 |   103 |   145 |     8 ||   286
       Javelin           |       |       |       |       |    20 |    43 ||    63
Invok: Heroism           |       |       |       |    15 |    42 |    38 ||    95
       Finesse           |       |       |       |       |    10 |     8 ||    18
  Use: Scroll            |     5 |    12 |     3 |     2 |     6 |     7 ||    35
       Potion            |     1 |     2 |     1 |     2 |     2 |     5 ||    13
 Stab: Petrifying        |       |       |       |     1 |     1 |       ||     2
       Petrified         |       |       |       |       |     2 |       ||     2
       Distracted        |       |       |       |       |       |     1 ||     1
Armor: Scale mail        |    36 |    60 |       |       |       |       ||    96
       Chain mail        |       |     8 |    91 |       |       |       ||    99
       Plate armour      |       |       |    49 |   235 |   362 |   391 ||  1037
Dodge: Dodged            |    41 |    74 |    50 |   101 |   211 |   264 ||   741
Block: Buckler           |     9 |    21 |    25 |    71 |    10 |       ||   136
       Kite shield       |       |       |       |       |   529 |       ||   529
       Tower shield      |       |       |       |       |    60 |   836 ||   896
       Reflection        |       |       |       |       |     1 |   102 ||   103

Table legend:
 A = Non-vault XP
 B = Vault XP
 C = Vault XP percentage of total XP
 D = Non-vault monster count
 E = Vault monster count
 F = Vault count percentage of total count
                 A         B        C        D         E       F
            +---------+---------+-------+---------+---------+-------
      Total |  185948 |   69438 |  27.2 |     766 |     224 |  22.6
            +---------+---------+-------+---------+---------+-------
        D:1 |      23 |      15 |  39.5 |      16 |       1 |   5.9
        D:2 |      58 |      58 |  50.0 |      17 |      10 |  37.0
        D:3 |     141 |       0 |   0.0 |      24 |       0 |   0.0
        D:4 |     287 |       0 |   0.0 |      17 |       0 |   0.0
        D:5 |     475 |     790 |  62.5 |      20 |      18 |  47.4
        D:6 |    1021 |       0 |   0.0 |      20 |       0 |   0.0
        D:7 |    2007 |       0 |   0.0 |      30 |       0 |   0.0
        D:8 |    1936 |     255 |  11.6 |      29 |       2 |   6.5
        D:9 |    2170 |     565 |  20.7 |      20 |       1 |   4.8
       D:10 |    2870 |    1832 |  39.0 |      23 |      16 |  41.0
       D:11 |     935 |       0 |   0.0 |      17 |       0 |   0.0
       D:12 |    4152 |    1047 |  20.1 |      20 |       1 |   4.8
       D:13 |    8046 |       0 |   0.0 |      20 |       0 |   0.0
       D:14 |   11924 |   15713 |  56.9 |      19 |      36 |  65.5
       D:15 |   16057 |    5584 |  25.8 |      46 |      10 |  17.9
     Lair:1 |    5511 |     389 |   6.6 |      28 |       1 |   3.4
     Lair:2 |    5413 |     338 |   5.9 |      20 |       2 |   9.1
     Lair:3 |   10330 |    2069 |  16.7 |      38 |       9 |  19.1
     Lair:4 |   14035 |     485 |   3.3 |      58 |       2 |   3.3
     Lair:5 |   11077 |   14137 |  56.1 |      32 |      33 |  50.8
    Swamp:1 |    8336 |    1621 |  16.3 |      18 |       8 |  30.8
    Swamp:2 |   10760 |       0 |   0.0 |      23 |       0 |   0.0
    Swamp:3 |   15284 |       0 |   0.0 |      25 |       0 |   0.0
    Snake:1 |   12042 |       0 |   0.0 |      28 |       0 |   0.0
    Snake:2 |   20284 |   14446 |  41.6 |      41 |      27 |  39.7
    Snake:3 |    9769 |     389 |   3.8 |      18 |       2 |  10.0
      Orc:1 |    8859 |    4115 |  31.7 |      67 |       4 |   5.6
      Orc:2 |    2146 |    5590 |  72.3 |      32 |      41 |  56.2
            +---------+---------+-------+---------+---------+-------
